Description

testing dont vote

Build Order

Get SALT Encoding   

  12  0:01  SCV  
  13  0:13  SCV  
  14  0:16  Supply Depot  
  14  0:25  SCV  
  15  0:31  Refinery  
  15  0:38  SCV  
  16  0:44  Barracks  
  16  0:50  SCV  
  17  1:02  SCV  
  18  1:14  SCV  
  19  1:31  Orbital Command  
  19  1:32  Reaper  
  20  1:42  Command Center  
  20  1:53  Factory  
  20  1:58  SCV  
  21  2:04  Supply Depot  
  21  2:11  SCV  
  21  2:14  Reaper  
  21  2:15  Refinery  
  23  2:25  SCV  
  24  2:42  Hellion  
  27  2:45  Starport  
  27  2:57  Marine  
  29  3:04  Orbital Command  
  30  3:09  Cyclone  
  34  3:15  Medivac  
  34  3:20  Supply Depot  
  36  3:50  Barracks Tech Lab  
  36  3:51  Viking  
  36  3:52  Engineering Bay  
  36  3:54  Barracks  
  40  4:06  Supply Depot  
  41  4:12  Cyclone  
  46  4:32  Missile Turret x3  
  46  4:37  Marine  
  47  4:40  Barracks Reactor  
  49  4:47  Refinery x2, Factory Tech Lab  
  50  4:56  Marine x2  
  54  5:11  Barracks  
  54  5:12  Stimpack, Siege Tank  
  54  5:13  Marine  
  54  5:14  Starport Reactor  
  61  5:29  Supply Depot, Terran Infantry Weapons Level 1  
  61  5:30  Marine  
  62  5:40  Barracks  
  62  5:51  Marauder  
  65  5:57  Siege Tank  
  65  5:58  Marine x2, Medivac x2  
  65  5:59  Barracks Reactor  
  65  6:02  Barracks  
  75  6:12  Marauder  
  75  6:16  Marine  
  78  6:25  Marine  
  78  6:28  Medivac  
  78  6:29  Barracks Reactor  
  81  6:34  Marauder  
  88  6:47  Siege Tank  
  88  6:51  Barracks Tech Lab  
  88  6:52  Medivac  
  93  6:55  Marauder  
  93  7:12  Combat Shields  
  93  7:15  Marauder x2  
  100  7:36  Marauder  
  104  7:47  Concussive Shells  
  104  7:48  Terran Infantry Armor Level 1  
  106  7:57  Marauder x2  
  111  8:26  Siege Tank, Medivac  
Spawning Tool Build Advisor. Get it on Overwolf

Analysis

testing dont vote

Go to:

Details

  • Created by: thedeadlymedic
  • Published on: Oct 01, 2018
  • Modified on: Oct 01, 2018
  • Patch: 4.0.0
Show
View Real Time Build Order
Export as new Build Order

Comments (0)

There are no comments. Be the first!

Create an account to comment!